 Dungeon Crawl Stone Soup version 0.23.2-1-ga50397a (webtiles) character file.

Game seed: 14817707679503019223

2410 Fang the Skirmisher (level 9, 0/57 HPs)
             Began as a Gargoyle Berserker on May 9, 2019.
             Was a High Priest of Trog.
             Slain by a hungry ghost (3 damage)
             ... on level 7 of the Dungeon on May 10, 2019.
             The game lasted 00:13:13 (7055 turns).

Fang the Skirmisher (Gargoyle Berserker)            Turns: 7055, Time: 00:13:14

Health: 0/57       AC: 11    Str: 23    XL:     9   Next: 47%
Magic:  9/9        EV: 10    Int:  9    God:    Trog [*****.]
Gold:   378        SH:  0    Dex:  9    Spells: 8/8 levels left

rFire    . . .     SeeInvis .   a - +0 hand axe
rCold    . . .     Gourm    .   (no shield)
rNeg     + . .     Faith    .   b - +0 chain mail
rPois    ∞         Spirit   .   (no helmet)
rElec    +         Reflect  .   u - +2 cloak {MR+}
rCorr    .         Harm     .   j - +2 pair of gloves
MR       +....                  (no boots)
Stlth    ..........             (no amulet)
HPRegen  0.19/turn              (no ring)
MPRegen  0.11/turn              (no ring)

@: corroded, fainting
A: negative energy resistance 1, electricity resistance, unbreathing,
petrification resistance, rot immunity, AC +6
a: Berserk, Trog's Hand, Brothers in Arms, Renounce Religion


You were on level 7 of the Dungeon.
You worshipped Trog.
Trog was extremely pleased with you.
You were fainting.

You visited 2 branches of the dungeon, and saw 8 of its levels.

You collected 378 gold pieces.

Inventory:

Hand Weapons
 a - a +0 hand axe (weapon)
Armour
 b - a +0 chain mail (worn)
 j - a +2 pair of gloves (worn)
 u - a +2 cloak of magic resistance (worn)
Wands
 n - a wand of enslavement (11)
 s - a wand of disintegration (17)
Scrolls
 d - a scroll of enchant weapon {unknown}
 e - 7 scrolls of identify {unknown}
 g - 2 scrolls of teleportation {unknown}
 k - a scroll of fog {unknown}
 l - 2 scrolls of enchant armour {unknown}
 m - 2 scrolls of amnesia {unknown}
 o - 2 scrolls of remove curse {unknown}
 t - 2 scrolls of fear {unknown}
 v - a scroll of magic mapping {unknown}
 w - a scroll of immolation {unknown}
 y - a scroll of random uselessness {unknown}
Potions
 f - a potion of resistance {unknown}
 h - 2 potions of haste {unknown}
 i - a potion of might {unknown}
 p - a potion of curing {unknown}
 q - 3 potions of mutation {unknown}
 r - 2 potions of invisibility {unknown}
 z - a potion of lignification {unknown}
Comestibles
 c - 13 rations
 x - 6 chunks of flesh


   Skills:
 + Level 7.5 Fighting
 + Level 6.2 Axes
 + Level 7.2 Armour
 + Level 5.3 Dodging


You had 8 spell levels left.
You didn't know any spells.
Your spell library was empty.

Dungeon Overview and Level Annotations

Branches:
Dungeon (7/15)             Temple (1/1) D:4

Altars:
Ashenzari
Cheibriados
Elyvilon
Fedhas
Qazlal
Xom


Innate Abilities, Weirdness & Mutations

You are resistant to torment.
Your stone body is resilient. (AC +6)
You are immune to poison.
You resist negative energy. (rN+)
You are resistant to electric shocks. (rElec)
You can survive without breathing.
You are immune to petrification.
You are immune to rotting.


Message History

* * * LOW HITPOINT WARNING * * *
You are splashed with acid!
* * * LOW HITPOINT WARNING * * *
You closely miss the hungry ghost.
The hungry ghost is moderately damaged.
You hit the jelly but do no damage.
Your hands burn!
* * * LOW HITPOINT WARNING * * *
The hungry ghost hits you.
You feel slightly more hungry. The jelly completely misses you.
You miss the hungry ghost.
The hungry ghost is moderately damaged.
You hit the jelly but do no damage.
Your hands burn!
* * * LOW HITPOINT WARNING * * *
The hungry ghost misses you. The jelly hits you but does no damage.
You hit the hungry ghost but do no damage.
The hungry ghost is moderately damaged.
You hit the jelly.
Your hands burn!
* * * LOW HITPOINT WARNING * * *
The hungry ghost hits you.
You die...

##.###...#.........#)
.#.......#........... .
.#................. ..
.##..............# ...
.................# ....
..##.............#.....
.##......##........#
................##.#
.#..............@#
.###...........JW# .#
#..............# .
..................
............#..#...#
.#.###......##..##.##
## .......##... .# ...
.... ..


You could see a hungry ghost and a jelly.

Vanquished Creatures
  Menkaure (D:6)
  A hungry ghost (D:7)
  2 sky beasts (D:6)
  An orc warrior (D:7)
  2 phantoms
  4 ogres
  2 centaurs (D:5)
  3 bullfrogs
  2 scorpions
  2 crimson imps
  2 hounds
  A bullfrog skeleton (D:6)
  2 centaur skeletons (D:5)
  An orc priest (D:7)
  7 orc wizards
  Ijyb (D:3)
  5 worker ants
  A worker ant zombie (D:6)
  A hound skeleton (D:5)
  6 gnolls
  10 adders
  An ooze (D:1)
  An adder zombie (D:6)
  7 worms
  7 leopard geckos
  18 orcs
  5 giant cockroaches
  14 hobgoblins
  7 jackals
  6 quokkas
  2 ball pythons
  8 bats
  4 frilled lizards
  A giant cockroach zombie (D:6)
  9 goblins
  A jackal zombie (D:6)
  6 kobolds
  A leopard gecko skeleton (D:5)
  A leopard gecko zombie (D:6)
  2 quokka skeletons (D:5)
  A quokka zombie (D:5)
  9 rats
168 creatures vanquished.

Notes
Turn   | Place    | Note
-------+----------+-------------------------------------------
     0 | D:1      | Fang the Gargoyle Berserker began the quest for the Orb.
     0 | D:1      | Reached XP level 1. HP: 14/14 MP: 1/1
    84 | D:1      | Reached XP level 2. HP: 19/19 MP: 2/2
   536 | D:1      | Reached ** piety under Trog
   536 | D:1      | Reached XP level 3. HP: 23/23 MP: 3/3
  1110 | D:2      | Reached XP level 4. HP: 23/29 MP: 4/4
  1733 | D:2      | Reached *** piety under Trog
  1956 | D:3      | Reached XP level 5. HP: 12/33 MP: 5/5
  2471 | D:3      | Noticed Ijyb
  2487 | D:3      | Killed Ijyb
  3004 | D:3      | Reached XP level 6. HP: 33/39 MP: 6/6
  3869 | D:4      | Found a staircase to the Ecumenical Temple.
  3960 | D:4      | Reached skill level 5 in Fighting
  3960 | D:4      | Reached XP level 7. HP: 34/44 MP: 7/7
  3970 | Temple   | Entered the Ecumenical Temple
  4604 | D:5      | Entered Level 5 of the Dungeon
  4610 | D:5      | Reached skill level 5 in Armour
  4624 | D:5      | Reached **** piety under Trog
  4827 | D:5      | Reached XP level 8. HP: 49/51 MP: 8/8
  5397 | D:5      | Reached skill level 5 in Axes
  5801 | D:6      | Noticed Menkaure
  5808 | D:6      | Killed Menkaure
  6209 | D:6      | Reached XP level 9. HP: 56/56 MP: 9/9
  6224 | D:6      | Reached ***** piety under Trog
  6376 | D:6      | Reached skill level 5 in Dodging
  6833 | D:7      | Paralysed by fainting for 5 turns
  7055 | D:7      | Slain by a hungry ghost

Skill      XL: |  1  2  3  4  5  6  7  8  9 |
---------------+----------------------------+-----
Axes           | 3 4 5 6 |  6.2
Dodging        | 2 3 4 5 |  5.3
Armour         | 3 4 5 6 7 |  7.2
Fighting       | 4 5 6 7 |  7.5

Action                   |  1- 3 |  4- 6 |  7- 9 || total
-------------------------+-------+-------+-------++-------
Melee: Hand axe          |    97 |   282 |   532 ||   911
Invok: Berserk           |       |     3 |     7 ||    10
 Stab: Sleeping          |       |     1 |       ||     1
  Eat: Chunk             |     1 |    12 |    17 ||    30
       Ration            |       |       |     1 ||     1
Armor: Animal skin       |    33 |    48 |       ||    81
       Chain mail        |       |   106 |   379 ||   485
Dodge: Dodged            |    61 |   140 |   243 ||   444
